 Dungeon Crawl Stone Soup version 0.30-a0-870-gc5d4c5acee (webtiles) character file.

Game seed: 4717774559483936537

53 BlueFish the Sneak (level 3, 0/25 HPs)
             Began as a Vampire Enchanter on Mar 11, 2023.
             Slain by a gnoll
             ... wielding a +0 spear
              (9 damage)
             ... on level 2 of the Dungeon.
             The game lasted 00:06:36 (1218 turns).

BlueFish the Sneak (Vampire Enchanter)              Turns: 1218, Time: 00:06:36

Health: 0/25       AC:  2    Str:  7    XL:     3   Next: 62%
Magic:  6/6        EV: 12    Int: 17    God:
Gold:   50         SH:  0    Dex: 16    Spells: 4/6 levels left

rFire   . . .      SeeInvis +    a - +1 dagger
rCold   . . .      Faith    .    (no shield)
rNeg    . . .      Spirit   .    b - +0 robe
rPois   .          Reflect  .    (no helmet)
rElec   .          Rampage  .    (no cloak)
rCorr   .                        (no gloves)
Will    .....                    (no boots)
Stlth   +++                      (no amulet)
HPRegen 0.44/turn                (no ring)
MPRegen 0.10/turn                (no ring)

@: healing quickly
A: alive, fangs 3, see invisible, vampiric 2
a: Exsanguinate


You were on level 2 of the Dungeon.
You visited 1 branch of the dungeon, and saw 2 of its levels.

You collected 50 gold pieces.

Inventory:

Hand Weapons
 a - a +1 dagger (weapon)
Armour
 b - a +0 robe (worn)
Jewellery
 q - a ring of ice
Scrolls
 d - a scroll of fear {unknown}
 e - a scroll of poison {unknown}
 g - 2 scrolls of identify {unknown}
 k - a scroll of teleportation {unknown}
 l - a scroll of magic mapping {unknown}
 n - a scroll of amnesia {unknown}
 o - a scroll of brand weapon {unknown}
 p - a scroll of noise {unknown}
Potions
 c - 3 potions of invisibility
 f - a potion of mutation {unknown}
 h - 2 potions of flight {unknown}
 i - a potion of heal wounds {unknown}
 j - a potion of degeneration {unknown}
 m - a potion of haste {unknown}


   Skills:
 + Level 0.7 Fighting
 + Level 1.6 Short Blades
 + Level 1.0 Armour
 + Level 2.5 Dodging
 + Level 4.8 Stealth
 + Level 2.3 Spellcasting
 + Level 4.8 Hexes


You had 4 spell levels left.
You knew the following spells:

 Your Spells              Type           Power      Damage    Failure   Level
a - Ensorcelled Hibernat  Hex/Ice        20%        N/A       11%         2

Your spell library contained the following spells:

 Spells                   Type           Power      Damage    Failure   Level
 Confusing Touch          Hex            18%        N/A       8%          3
 Tukima's Dance           Hex            18%        N/A       8%          3
 Dazzling Flash           Conj/Hex       20%        N/A       21%         3


Dungeon Overview and Level Annotations

Branches:
Dungeon (2/15)

Altars:


Innate Abilities, Weirdness & Mutations

Your natural rate of healing is accelerated.
You have razor-sharp teeth.
You have supernaturally acute eyesight. (SInv)
You are afflicted with vampirism and can become a bat while bloodless.


Message History

You miss the quokka. The quokka closely misses you. The quokka bites you.
You hit the quokka but do no damage. Your bite misses the quokka.
The quokka completely misses you.
You hit the quokka.
The quokka is moderately wounded.
The quokka closely misses you.
You hit the quokka.
The quokka is almost dead.
The quokka bites you but does no damage.
You hit the quokka.
You kill the quokka!
You barely miss the endoplasm.
The endoplasm is heavily wounded.
The endoplasm barely misses you.
You barely miss the endoplasm.
The endoplasm is heavily wounded.
The endoplasm barely misses you.
You hit the endoplasm.
You kill the endoplasm!
You see here a quokka corpse.
You see here a +0 spear.
q - a ring of ice
Found a dagger.
Found 3 stones.
A gnoll comes into view. It is wielding a +0 spear.
Found a sapphire potion.
You now have 50 gold pieces (gained 13).
h - 2 sapphire potions (gained 1)
Found a dagger. 2 gnolls come into view.
The gnoll shouts! x2; You hear a shout!
The gnoll hits you from afar with a +0 spear!
A gnoll comes into view. It is wielding a +0 club.
The gnoll shouts!
The gnoll hits you with a +0 spear.
The gnoll moves out of view.
You barely miss the gnoll. The gnoll barely misses you. x2
You completely miss the gnoll.
The gnoll hits you from afar with a +0 halberd.
The gnoll hits you with a +0 spear!
You die...

# #..........).##.#
###†...........##.#
†.................#
#....>..........###
#...............#
#...)...........#
#......#####....#
#......#
#....#####g#
#......#
#....@ggg..#
#......#
#..(########
#......# #...#
######## #... #...
#).. ####


You could see 4 gnolls.

Vanquished Creatures
  An adder (D:2)
  A dart slug (D:1)
  A worm (D:2)
  3 ball pythons
  A bat (D:1)
  6 endoplasms
  5 goblins (D:1)
  5 hobgoblins
  2 quokkas
  A frilled lizard (D:1)
  7 kobolds
  A rat (D:1)
34 creatures vanquished.

Vanquished Creatures (others)
  A fungus (D:1)
1 creature vanquished.

Grand Total: 35 creatures vanquished

Notes
Turn   | Place    | Note
-------+----------+-------------------------------------------
     0 | D:1      | BlueFish the Vampire Enchanter began the quest for the Orb.
     0 | D:1      | Reached XP level 1. HP: 13/13 MP: 3/3
   140 | D:1      | Reached XP level 2. HP: 15/20 MP: 5/5
   274 | D:1      | Found a faded altar of an unknown god.
   782 | D:1      | Gained mutation: You are afflicted with vampirism and can
                  | become a bat while bloodless. [Vampire growth]
   782 | D:1      | Reached XP level 3. HP: 25/25 MP: 6/6
   785 | D:1      | Learned a level 2 spell: Ensorcelled Hibernation
  1149 | D:2      | Reached skill level 1 in Armour
  1218 | D:2      | Slain by a gnoll

Illustrated notes

Levels and vault maps discovered:
D:1:      heliophobic_arrival_battle_scene, layout_basic,
          shapermc_ecumenical_altar_ellora, minmay_pentomino_p4
D:2:      layout_basic, uniq_crazy_yiuf_cottage

Skill      XL: |  1  2  3 |
---------------+----------+-----
Armour         | 1 |  1.0
Fighting       | |  0.7
Short Blades   | |  1.6
Dodging        | |  2.5
Stealth        | |  4.8
Spellcasting   | |  2.3
Hexes          | |  4.8

Action                     || total
---------------------------++-------
  Melee: Dagger            ||   105
         Bite              ||     8
   Stab: Sleeping          ||     9
 Armour: Robe              ||    22
  Dodge: Dodged            ||    59

Table legend: (Time is in decaauts)
 A = Elapsed time spent in this place.
 B = Non-inter-level travel time spent in this place.
 C = Inter-level travel time spent in this place.
 D = Time resting spent in this place.
 E = Time spent auto-exploring this place.
 F = Levels seen in this place.
 G = Mean time per level.
                   A        B        C        D        E       F      G
               +--------+--------+--------+--------+--------+-----+--------+
         Total |   1211 |   1167 |     44 |      0 |    626 |   2 |  605.5 |
       Dungeon |   1211 |   1167 |     44 |      0 |    626 |   2 |  605.5 |
               +--------+--------+--------+--------+--------+-----+--------+

Top non-repeatable levels by time:
     D:1: 933 daAuts
     D:2: 277 daAuts
